 Dungeon Crawl Stone Soup version 0.27-a0-1202-ge72e49191c (webtiles) character file.

Game seed: 9321817224382141068

142725 Feb132020 the Unseen (level 16, -3/80 HPs)
             Began as a Spriggan Warper on May 31, 2021.
             Was a High Priest of Nemelex Xobeh.
             Killed by the raging water
             ... invoked by a water nymph
              (14 damage)
             ... on level 3 of the Shoals on June 2, 2021.
             The game lasted 04:12:12 (35889 turns).

Feb132020 the Unseen (Spriggan Warper)             Turns: 35889, Time: 04:12:19

Health: -3/80      AC: 11    Str:  8    XL:     16   Next: 81%
Magic:  20/26      EV: 40    Int: 23    God:    Nemelex Xobeh [*****.]
Gold:   1077       SH:  8    Dex: 18    Spells: 2/32 levels left

rFire    + . .     SeeInvis +   a - +8 quick blade "Nacseriru" {flame, rC+ Stlth+}
rCold    + + +     Faith    .   Y - +0 buckler
rNeg     . . .     Spirit   .   N - +5 acid dragon scales
rPois    .         Reflect  .   U - +2 hat
rElec    .         Harm     .   T - scarf {shadows}
rCorr    +         Rampage  .   (gloves unavailable)
Will     ++...                  (boots unavailable)
Stlth    ++++++++..             n - amulet of the acrobat
HPRegen  0.23/turn              t - ring of flight
MPRegen  0.20/turn              P - ring of Jeonuru {rF+ rC++ Int+6}

@: acrobatic, flying, very quick
A: very small, no large weapons, unfitting armour, see invisible, speed 3,
deformed body, low mp 1
a: Renounce Religion, Draw Escape, Draw Destruction, Draw Summoning, Draw Stack,
Triple Draw, Deal Four, Stack Five


You were on level 3 of the Shoals.
You worshipped Nemelex Xobeh.
Nemelex Xobeh was extremely pleased with you.
You visited 5 branches of the dungeon, and saw 27 of its levels.
You also visited: Sewer, Ossuary and Gauntlet.

You collected 3085 gold pieces.
You spent 2008 gold pieces at shops.

Inventory:

Hand Weapons
 a - the +8 quick blade "Nacseriru" (weapon) {flame, rC+ Stlth+}
   (You acquired it on level 6 of the Dungeon)

   It has been specially enchanted to burn those struck by it, causing extra
   injury to most foes and up to half again as much damage against particularly
   susceptible opponents.
   It protects you from cold.
   It makes you more stealthy.
 b - a +9 hunting sling of flaming
Missiles
 e - 5 boomerangs of dispersal (quivered)
 o - 4 curare-tipped darts
 E - 321 sling bullets
Armour
 F - a +2 cloak
 N - +5 acid dragon scales (worn)
 T - a scarf of shadows (worn)
 U - a +2 hat (worn)
 Y - a +0 buckler (worn)
Jewellery
 f - a +6 ring of strength
 g - a +6 ring of dexterity
 j - a ring of positive energy
 m - a +4 ring of slaying
 n - an amulet of the acrobat (around neck)
 t - a ring of flight (left hand)
 v - a ring of protection from fire
 H - an amulet of regeneration
 K - an amulet of magic regeneration
 O - a ring of protection from fire
 P - the ring of Jeonuru (right hand) {rF+ rC++ Int+6}
   (You acquired it on level 11 of the Dungeon)

   [ring of intelligence]

   It affects your intelligence (+6).
   It protects you from fire.
   It greatly protects you from cold.
 S - the ring "Baph" {rN+ Will+}
   (You found it in a Gauntlet)

   [ring of willpower]

   It protects you from negative energy.
   It increases your willpower.
Wands
 h - a wand of flame (49)
 w - a wand of acid (8)
 y - a wand of mindburst (29)
 M - a wand of iceblast (28)
 Z - a wand of digging (2)
Scrolls
 d - 8 scrolls of blinking
 l - 15 scrolls of identify
 r - 7 scrolls of teleportation
 x - 2 scrolls of magic mapping
 C - 7 scrolls of amnesia
 I - 2 scrolls of summoning
 J - a scroll of enchant armour
 Q - 6 scrolls of fear
 V - a scroll of holy word
 X - 4 scrolls of fog
Potions
 c - 3 potions of lignification
 i - 14 potions of curing
 q - 9 potions of heal wounds
 s - 4 potions of brilliance
 u - 2 potions of magic
 z - a potion of resistance
 B - 3 potions of flight
 D - 5 potions of haste
 L - 2 potions of cancellation
 R - a potion of might
Miscellaneous
 k - a condenser vane
 p - a phantom mirror
 A - a phantom mirror
 G - a phial of floods
 W - a box of beasts


   Skills:
 + Level 7.3 Fighting
 + Level 13.3 Short Blades
 + Level 6.6(7.0) Slings
 + Level 2.6(4.4) Throwing
 + Level 5.6 Armour
 + Level 14.4 Dodging
 + Level 20.8 Stealth
 + Level 5.5 Shields
 + Level 8.8 Spellcasting
 + Level 0.4 Hexes
 * Level 19.1 Translocations
 + Level 2.7 Invocations
 + Level 3.2 Evocations


You had 2 spell levels left.
You knew the following spells:

 Your Spells              Type           Power      Damage    Failure   Level
a - Gell's Gravitas       Tloc           39%        N/A       0%          3
b - Teleport Other        Tloc           78%        N/A       0%          3
c - Lesser Beckoning      Tloc           39%        N/A       0%          3
d - Manifold Assault      Tloc           78%        N/A       1%          5
g - Passage of Golubria   Tloc           N/A        N/A       1%          4
p - Portal Projectile     Hex/Tloc       100%       N/A       1%          3
A - Apportation           Tloc           100%       N/A       0%          1
B - Blink                 Tloc           N/A        N/A       0%          2
D - Dispersal             Tloc           39%        N/A       1%          6

Your spell library contained the following spells:

 Spells                   Type           Power      Damage    Failure   Level
 Corona                   Hex            13%        N/A       10%         1
 Animate Skeleton         Necr           20%        N/A       12%         1
 Freeze                   Ice            40%        1d6       12%         1
 Shock                    Conj/Air       40%        1d5       12%         1
 Ensorcelled Hibernation  Hex/Ice        22%        N/A       17%         2
 Corpse Rot               Necr/Air       N/A        N/A       19%         2
 Static Discharge         Conj/Air       10%        N/A       19%         2
 Summon Forest            Summ/Tloc      26%        N/A       6%          5
 Confusing Touch          Hex            12%        N/A       30%         3
 Tukima's Dance           Hex            12%        N/A       30%         3
 Disjunction              Tloc           39%        N/A       30%         8
 Dazzling Flash           Conj/Hex       22%        N/A       32%         3
 Frozen Ramparts          Ice            20%        1d4       34%         3
 Ozocubu's Armour         Ice            10%        N/A       34%         3
 Stone Arrow              Conj/Erth      20%        3d8       34%         3
 Swiftness                Air            10%        N/A       34%         3
 Airstrike                Air            5%         N/A       75%         4
 Animate Armour           Summ/Erth      20%        N/A       75%         4
 Dispel Undead            Necr           10%        3d9       75%         4
 Hailstorm                Conj/Ice       10%        3d5       75%         4
 Petrify                  Tmut/Erth      10%        N/A       75%         4
 Alistair's Intoxication  Tmut/Pois      6%         N/A       97%         5
 Borgnjor's Vile Clutch   Necr/Erth      5%         N/A       97%         5
 Hydra Form               Tmut           5%         N/A       97%         5
 Lightning Bolt           Conj/Air       5%         1d17      97%         5
 Metabolic Englaciation   Hex/Ice        5%         N/A       97%         5
 Silence                  Hex/Air        5%         N/A       97%         5
 Summon Mana Viper        Hex/Summ       11%        N/A       97%         5
 Yara's Violent Unravell  Hex/Tmut       5%         3d4       97%         5
 Eringya's Noxious Bog    Tmut/Pois      5%         N/A       100%        6
 Invisibility             Hex            12%        N/A       100%        6
 Shadow Creatures         Summ           N/A        N/A       100%        6
 Summon Hydra             Summ           5%         N/A       100%        7


Dungeon Overview and Level Annotations

Branches:
Dungeon (15/15)            Temple (1/1) D:4            Lair (6/6) D:10
 Shoals (3/4) Lair:2       Spider (0/4) Lair:3        Slime (0/5) Lair:6
    Orc (2/2) D:10            Elf (0/3) Orc:2        Vaults (0/5) D:14
 Depths (0/5) D:15          Sewer (visited)         Ossuary (visited)
Gauntlet (visited)

Altars:
Ashenzari
Cheibriados
Dithmenos
Elyvilon
Fedhas
Gozag
Hepliaklqana
Kikubaaqudgha
Makhleb
Nemelex Xobeh
Okawaru
Qazlal
Ru
Sif Muna
Trog
Uskayaw
Vehumet
Wu Jian
Xom
Yredelemnul
Zin
The Shining One
Beogh

Shops:
D:1 (   D:6 *   D:8 *   D:10 [   D:13 =   Orc:1 (   Orc:2 !*:?*

Annotations:
Lair:5 exclusion: 2 oklob plants
Shoals:2 Roxanne


Innate Abilities, Weirdness & Mutations

You are very small and have problems with some larger weapons.
You are too small for most types of armour.
You have supernaturally acute eyesight. (SInv)
You cover ground extremely quickly. (Speed+++)
Armour fits poorly on your strangely shaped body.
Your magical capacity is low. (-10% MP)


Message History

You hear a splash. x3
You feel sick.
You feel sick.
You feel sick.
You feel sick.
You feel sick.
You are no longer poisoned.
Found a stone staircase leading down.
A harpy comes into view.
A harpy comes into view.
The harpy screeches!
You hear a screech!
A harpy comes into view.
The water nymph touches the plant.
The plant begins to die.
The harpy moves out of view.
Found a buckler and 23 gold pieces.
The harpy claws you! The harpy closely misses you.
A harpy comes into view.
Casting: Apportation (safe; 0% risk of failure)
Confirm with . or Enter, or press ? or * to list all spells.
The harpy disappears! x2
The harpy screeches!
The water nymph casts a spell at you. The water rises up and strikes you!!
* * * LOW HITPOINT WARNING * * *
You block the harpy's attack. The harpy completely misses you.
You block the harpy's attack. The harpy completely misses you.
You draw a card...
You have drawn the Elements.
You block the harpy's attack. The harpy barely misses you.
The harpy misses you. The harpy closely misses you. The harpy claws you.
* * * LOW HITPOINT WARNING * * *
The harpy misses you.
Unknown command.
You swap places.
A nearby plant withers and dies.
The harpy claws your wind drake! The harpy claws your wind drake.
The harpy claws your wind drake!
The harpy barely misses your wind drake.
The water nymph gestures at you while chanting.
The water rises up and strikes you!
You die...
Your body glows slightly and disappears.

...≈≈≈≈≈≈≈≈≈PP
.#.≈≈≈≈≈≈≈≈≈PPP
...≈..≈≈P≈≈P≈P.
..[≈.≈≈≈PP≈P$#
...≈≈≈≈PPP.P#
#..≈≈≈PhPH#
.###.≈≈≈≈≈HkP##
.>..≈≈≈≈≈YPP@P#
...≈≈≈≈≈≈PPP≈≈#......
≈≈≈≈≈≈≈≈≈P..P.#P......
≈≈≈≈≈≈≈≈P.P.###.......
≈≈≈.≈≈m≈P..## #..≈≈≈..
≈≈≈≈≈≈≈PPP.####..≈≈≈≈.
≈≈≈≈≈≈≈≈#####<...$≈≈≈.
≈≈≈≈≈.≈≈#.P.P..≈.≈.≈≈.
≈≈≈≈≈≈≈≈≈#####≈≈≈≈≈≈≈≈


You could see a water nymph, 2 harpies, a friendly catoblepas (summoned,
wandering), a friendly wind drake (summoned, repels missiles) and a friendly
polar bear (summoned, wandering).

Vanquished Creatures
  Ilsuiw (Shoals:2)
  An orc warlord (Orc:1)
  A minotaur (Gauntlet)
  A dire elephant (Lair:6)
  Snorg (Lair:3)
  A merfolk impaler (Shoals:2)
  3 ogre magi
  7 hydras
  3 boulder beetles
  Erolcha (D:9)
  Harold (D:10)
  2 alligator snapping turtles (Shoals:1)
  2 merfolk avatars (Shoals:2)
  4 centaur warriors
  2 merfolk aquamancers (Shoals:1)
  A catoblepas (Lair:6)
  13 two-headed ogres
  4 death yaks
  The ghost of Delamore the Basher, a journeyman GrFi of Okawaru (Lair:2)
  2 tengu warriors (D:15)
  2 spectral dire elephants (Lair:6)
  An orc high priest (Orc:1)
  11 skeletal warriors
  The ghost of Depop the Skirmisher, a novice DjWz of Makhleb (Lair:1)
  2 deep trolls (Orc:2)
  7 sea snakes
  4 wizards
  An obsidian statue (Lair:6)
  An orange crystal statue (Lair:6)
  A deep elf archer (D:15)
  2 lindwurms (D:15)
  2 orc knights
  7 harpies
  4 necromancers (Lair:6)
  8 ugly things
  5 cyclopes
  2 deep elf pyromancers
  2 orc sorcerers
  5 manticores
  4 oklob plants
  11 fauns
  A moth of wrath (shapeshifter) (D:15)
  16 elephants
  6 merfolk sirens
  4 black mambas
  A water nymph (Shoals:1)
  4 molten gargoyles (D:14)
  2 black mambas (shapeshifter) (D:14)
  Joseph (Lair:1)
  A torpor snail (Lair:5)
  2 gargoyles
  11 komodo dragons
  13 cane toads
  2 dire elephant skeletons (Lair:6)
  An unseen horror (D:11)
  2 rime drakes (Lair:5)
  Maggie (D:7)
  A kobold demonologist (D:14)
  An efreet (D:13)
  2 demonic crawlers (D:15)
  The ghost of Hector the Chopper, a novice FoAK of Okawaru (D:6)
  11 trolls
  9 meliai
  2 queen bees
  A tengu conjurer (D:15)
  3 wind drakes
  2 polar bears
  10 blink frogs
  4 slime creatures (D:13)
  4 jumping spiders (Lair:3)
  2 tyrant leeches (D:15)
  9 merfolk
  16 dream sheep
  3 snapping turtles
  4 spectral elephants (Lair:6)
  Sigmund (D:4)
  3 shadows
  6 wyverns
  2 wraiths
  A yak (shapeshifter) (D:11)
  2 redbacks (Lair:3)
  23 yaks
  A vampire (D:13)
  7 water elementals
  A golden eye (shapeshifter) (D:13)
  17 vampire mosquitoes
  2 steam dragons
  5 basilisks (Lair:5)
  A spectral cane toad (Lair:6)
  Menkaure (D:7)
  5 wargs
  An acid dragon (D:10)
  2 hell hounds (D:15)
  16 water moccasins
  28 orc warriors
  A sky beast (D:5)
  An ice beast (D:6)
  4 elephant zombies (Lair:6)
  35 ogres
  19 wolves
  An elephant skeleton (Lair:6)
  9 centaurs
  8 kobold brigands
  An elf zombie (Ossuary)
  Blork the orc (D:6)
  A gnoll sergeant (D:9)
  13 bullfrogs
  A cane toad simulacrum (Lair:6)
  6 scorpions
  An elephant simulacrum (Lair:6)
  55 killer bees
  4 wights (D:6)
  3 electric eels
  6 howler monkeys
  5 centaur zombies
  3 lava snakes
  2 bullfrog zombies
  8 hounds
  A centaur skeleton (D:6)
  A jelly (D:6)
  Crazy Yiuf (D:6)
  A human zombie (Ossuary)
  19 orc priests
  A gnoll shaman (D:6)
  Ijyb (D:4)
  5 iguanas
  26 orc wizards
  Natasha (thrice) (D:2)
  6 hell rats
  2 killer bee zombies
  2 hound zombies
  2 howler monkey zombies
  3 mummies (Ossuary)
  8 adders
  10 gnolls
  4 river rats (D:15)
  2 shadow imps
  2 ufetubi
  2 adder skeletons (D:4)
  4 adder zombies
  9 worms
  5 dart slugs
  95 orcs
  5 endoplasms
  10 giant cockroaches
  4 gnoll zombies (Ossuary)
  8 goblins
  10 hobgoblins
  9 jackals
  19 kobolds
  3 quokkas
  9 ball pythons
  4 bats
  9 frilled lizards
  2 goblin zombies (Ossuary)
  2 hobgoblin zombies (Ossuary)
  4 jackal zombies (Ossuary)
  A kobold zombie (Ossuary)
  An orc zombie (Ossuary)
  4 quokka zombies (Ossuary)
  32 rats
  5 rat zombies (Ossuary)
957 creatures vanquished.

Vanquished Creatures (collateral kills)
  A dire elephant (Lair:6)
  6 death yaks
  A deep elf knight (D:14)
  A spectral anaconda (Lair:6)
  An elephant (Lair:6)
  A merfolk siren (Shoals:2)
  A komodo dragon (Lair:1)
  A wind drake (Lair:2)
  A merfolk (Shoals:1)
  2 yaks
  A bullfrog (Lair:2)
  An orc wizard (Orc:1)
  A hell rat (Lair:2)
19 creatures vanquished.

Vanquished Creatures (others)
  An adder (D:6)
  A bush (Lair:5)
  18 fungi
  64 plants
  21 withered plants (Lair:6)
105 creatures vanquished.

Grand Total: 1081 creatures vanquished

Notes
Turn   | Place    | Note
-------+----------+-------------------------------------------
     0 | D:1      | Feb132020 the Spriggan Warper began the quest for the Orb.
     0 | D:1      | Reached XP level 1. HP: 10/10 MP: 5/5
   470 | D:1      | Reached XP level 2. HP: 14/14 MP: 6/6
   586 | D:1      | Learned a level 2 spell: Blink
   846 | D:1      | Found Mywivad's Weapon Emporium.
   950 | D:1      | Reached skill level 5 in Translocations
   955 | D:1      | Reached XP level 3. HP: 17/18 MP: 8/8
   961 | D:1      | Learned a level 3 spell: Gell's Gravitas
   965 | D:1      | Learned a level 3 spell: Teleport Other
  1123 | D:2      | Noticed Natasha
  1147 | D:2      | Killed Natasha
  1148 | D:2      | Reached skill level 1 in Stealth
  1186 | D:2      | Noticed Natasha
  1209 | D:2      | Killed Natasha
  1210 | D:2      | Reached XP level 4. HP: 17/23 MP: 9/9
  1214 | D:2      | Reached skill level 2 in Stealth
  1526 | D:2      | Noticed Natasha
  1537 | D:2      | Killed Natasha
  2043 | D:3      | Found a snail-covered altar of Cheibriados.
  2111 | D:3      | Reached XP level 5. HP: 24/26 MP: 10/10
  2192 | D:3      | Noticed an ogre
  2203 | D:3      | Killed an ogre
  2204 | D:3      | Reached skill level 3 in Stealth
  2299 | D:3      | Noticed a necrophage
  2328 | D:3      | Found a glowing drain.
  2375 | Sewer    | Entered a sewer
  2628 | Sewer    | HP: 1/26 [asphyx]
  2637 | Sewer    | Reached skill level 5 in Dodging
  2637 | Sewer    | Reached skill level 4 in Stealth
  2637 | Sewer    | Reached XP level 6. HP: 8/30 MP: 12/12
  3240 | Sewer    | Reached XP level 7. HP: 19/35 MP: 13/13
  4169 | D:4      | Found a staircase to the Ecumenical Temple.
  4169 | D:4      | Noticed Ijyb
  4180 | Temple   | Entered the Ecumenical Temple
  4265 | Temple   | Became a worshipper of Nemelex Xobeh the Trickster
  4534 | D:4      | Reached skill level 5 in Stealth
  4565 | D:4      | Noticed Sigmund
  4567 | D:4      | Killed Sigmund
  4568 | D:4      | Reached skill level 5 in Short Blades
  4909 | D:4      | Killed Ijyb
  5914 | D:5      | Entered Level 5 of the Dungeon
  5929 | D:5      | Reached skill level 6 in Stealth
  5937 | D:5      | Reached XP level 8. HP: 26/39 MP: 15/15
  6329 | D:5      | Learned a level 3 spell: Lesser Beckoning
  6330 | D:5      | Reached * piety under Nemelex Xobeh
  6357 | D:5      | Reached skill level 7 in Stealth
  6888 | D:6      | Found a sand-covered staircase.
  6893 | Ossuary  | Entered an ossuary
  7513 | D:6      | Received a gift from Nemelex Xobeh
  7669 | D:6      | Reached skill level 8 in Stealth
  7996 | D:6      | Reached ** piety under Nemelex Xobeh
  8022 | D:6      | Identified a scroll of acquirement
  8022 | D:6      | Acquired the +8 quick blade "Nacseriru" {flame, rC+ Stlth+}
  8091 | D:6      | Found Luytaedo's Luxury Loot.
  8182 | D:6      | Reached XP level 9. HP: 43/43 MP: 16/16
  8351 | D:6      | Noticed a gargoyle
  8357 | D:6      | Noticed Hector's ghost (novice FoAK)
  8360 | D:6      | Found a runed translucent gate.
  8360 | D:6      | Found a runed translucent gate.
  8360 | D:6      | Found a runed translucent gate.
  8402 | D:6      | Reached skill level 9 in Stealth
  8414 | D:6      | Found a runed translucent door.
  8415 | D:6      | Noticed Crazy Yiuf
  8422 | D:6      | Killed Crazy Yiuf
  8571 | D:6      | Noticed Blork the orc
  8578 | D:6      | Killed Blork the orc
  9145 | D:6      | Identified Feckee Qiocw's Papyrus of Displaced Unholy
                  | Secrets
  9256 | D:7      | Reached skill level 10 in Stealth
  9263 | D:7      | Noticed Maggie
  9363 | D:7      | Noticed Menkaure
  9371 | D:7      | Killed Menkaure
  9372 | D:7      | Reached skill level 5 in Spellcasting
  9446 | D:7      | Received a gift from Nemelex Xobeh
  9579 | D:7      | Killed Maggie
  9702 | D:7      | Reached skill level 11 in Stealth
 10197 | D:8      | Reached *** piety under Nemelex Xobeh
 10444 | D:8      | Reached XP level 10. HP: 48/48 MP: 18/18
 10646 | D:8      | Found Zogyosui's General Store.
 10877 | D:8      | Learned a level 5 spell: Manifold Assault
 11281 | D:9      | Reached skill level 12 in Stealth
 11343 | D:9      | Received a gift from Nemelex Xobeh
 11430 | D:9      | Reached **** piety under Nemelex Xobeh
 11480 | D:9      | Reached skill level 10 in Translocations
 11541 | D:9      | Noticed Erolcha
 11572 | D:9      | Killed Erolcha
 11573 | D:9      | Reached skill level 1 in Armour
 11909 | D:10     | Entered Level 10 of the Dungeon
 11924 | D:10     | Noticed an oklob plant
 11929 | D:10     | Found a staircase to the Lair.
 11929 | D:10     | Noticed an oklob plant
 11931 | D:10     | Killed an oklob plant
 11932 | D:10     | Reached skill level 13 in Stealth
 11947 | D:10     | Received a gift from Nemelex Xobeh
 11963 | D:10     | Found Takhlip's Antique Armour Emporium.
 11992 | D:10     | Bought a runed scarf for 136 gold pieces
 11992 | D:10     | Bought a hat for 68 gold pieces
 12141 | D:10     | Found a staircase to the Orcish Mines.
 12508 | D:10     | Reached XP level 11. HP: 51/51 MP: 20/20
 12560 | D:10     | Noticed Harold
 12563 | D:10     | Killed Harold
 12564 | D:10     | Reached skill level 14 in Stealth
 13175 | D:11     | Acquired the ring of Jeonuru {rF+ rC++ Int+6}
 13191 | D:11     | Received a gift from Nemelex Xobeh
 13217 | D:11     | Noticed a centaur warrior
 13234 | D:11     | Killed a centaur warrior
 13336 | D:11     | Noticed a cyan ugly thing
 13343 | D:11     | Killed a cyan ugly thing
 13358 | D:11     | You fall into a shaft and drop 2 floors!
 13359 | D:13     | Noticed a purple ugly thing
 13359 | D:13     | Killed a purple ugly thing
 13378 | D:12     | Reached ***** piety under Nemelex Xobeh
 13418 | D:12     | Noticed a two-headed ogre
 13523 | D:12     | Noticed a skeletal warrior
 13528 | D:12     | Noticed a skeletal warrior
 13529 | D:12     | Noticed a skeletal warrior
 13529 | D:12     | Noticed a skeletal warrior
 13529 | D:12     | Noticed a skeletal warrior
 13579 | D:11     | Killed a skeletal warrior
 13580 | D:11     | Reached skill level 15 in Stealth
 13650 | D:11     | Received a gift from Nemelex Xobeh
 13680 | D:11     | Noticed a purple ugly thing
 13684 | D:11     | Killed a purple ugly thing
 13865 | D:11     | Found a blossoming altar of Fedhas.
 14315 | D:12     | Noticed a deep elf pyromancer
 14318 | D:12     | Received a gift from Nemelex Xobeh
 14322 | D:12     | Killed a deep elf pyromancer
 14323 | D:12     | Reached skill level 10 in Short Blades
 14361 | D:12     | Noticed a two-headed ogre
 14364 | D:12     | a two-headed ogre changed into a merfolk
 14401 | D:12     | Killed a two-headed ogre
 14402 | D:12     | Reached skill level 10 in Dodging
 14402 | D:12     | Reached skill level 1 in Invocations
 14402 | D:12     | Reached XP level 12. HP: 56/56 MP: 23/23
 14409 | D:12     | Learned a level 6 spell: Dispersal
 14469 | D:12     | Noticed a seven-headed hydra
 14476 | D:12     | Killed a seven-headed hydra
 14856 | D:12     | Reached skill level 16 in Stealth
 15022 | Lair:1   | Entered Level 1 of the Lair of Beasts
 15031 | Lair:1   | Received a gift from Nemelex Xobeh
 15152 | Lair:1   | Identified the amulet "Usuwk" {Faith -Cast Harm rC+ Dex+4}
 15405 | Lair:1   | Noticed a five-headed hydra
 15422 | Lair:1   | Killed a five-headed hydra
 15440 | Lair:1   | Noticed Joseph
 15448 | Lair:1   | Killed Joseph
 15705 | Lair:1   | Noticed Depop's ghost (novice DjWz)
 15710 | Lair:1   | Found a runed translucent gate.
 15710 | Lair:1   | Found a runed translucent gate.
 15710 | Lair:1   | Found a runed translucent gate.
 15710 | Lair:1   | Noticed a six-headed hydra
 15850 | Lair:1   | Received a gift from Nemelex Xobeh
 16185 | Lair:1   | Killed a six-headed hydra
 16186 | Lair:1   | Reached skill level 17 in Stealth
 16201 | Lair:1   | Killed Depop's ghost
 16441 | Lair:2   | Received a gift from Nemelex Xobeh
 16491 | Lair:2   | Noticed a boulder beetle
 16528 | Lair:2   | Noticed a death yak
 16529 | Lair:2   | Noticed a death yak
 16529 | Lair:2   | Noticed a death yak
 16529 | Lair:2   | Noticed a death yak
 16530 | Lair:2   | Noticed a death yak
 16539 | Lair:2   | Found a gate leading to a gauntlet.
 16548 | Gauntlet | Entered a Gauntlet
 16548 | Gauntlet | Found a transporter.
 16548 | Gauntlet | Found a transporter.
 16559 | Gauntlet | Found a transporter.
 16559 | Gauntlet | Found a transporter.
 16845 | Gauntlet | Found a transporter.
 16845 | Gauntlet | Found a transporter.
 16849 | Gauntlet | Noticed a death yak
 16852 | Gauntlet | Noticed a death yak
 16852 | Gauntlet | Noticed a death yak
 16852 | Gauntlet | Noticed a death yak
 16852 | Gauntlet | Noticed a death yak
 16855 | Gauntlet | Noticed a death yak
 16855 | Gauntlet | Found a transporter.
 16858 | Gauntlet | Found a runed translucent door.
 16864 | Gauntlet | Identified the ring "Baph" {rN+ Will+}
 16868 | Gauntlet | Found a transporter.
 16892 | Gauntlet | Killed a death yak
 16929 | Gauntlet | Noticed a minotaur
 16978 | Gauntlet | Killed a minotaur
 16979 | Gauntlet | Reached skill level 1 in Shields
 17085 | Lair:2   | Found a staircase to the Shoals.
 17086 | Lair:2   | Received a gift from Nemelex Xobeh
 17106 | Lair:2   | Killed a death yak
 17109 | Lair:2   | Killed a death yak
 17112 | Lair:2   | Killed a death yak
 17119 | Lair:2   | Killed a death yak
 17127 | Lair:2   | Killed a death yak
 17128 | Lair:2   | Reached skill level 1 in Evocations
 17339 | Lair:2   | Reached XP level 13. HP: 32/59 MP: 24/24
 17915 | Lair:2   | Found a runed translucent door.
 17920 | Lair:2   | Noticed Delamore's ghost (journeyman GrFi)
 17993 | Lair:2   | Killed Delamore's ghost
 18935 | Lair:3   | Received a gift from Nemelex Xobeh
 19054 | Lair:3   | Noticed Snorg
 19061 | Lair:3   | Killed Snorg
 19298 | Lair:3   | Found a hole to the Spider Nest.
 19831 | Lair:3   | Received a gift from Nemelex Xobeh
 20261 | Lair:4   | Reached skill level 18 in Stealth
 20261 | Lair:4   | Reached skill level 15 in Translocations
 20452 | Lair:4   | Received a gift from Nemelex Xobeh
 20563 | Lair:4   | Learned a level 1 spell: Apportation
 21574 | Lair:5   | Reached XP level 14. HP: 65/65 MP: 26/26
 22284 | Lair:5   | Received a gift from Nemelex Xobeh
 22320 | Lair:6   | Entered Level 6 of the Lair of Beasts
 22644 | Lair:6   | Received a gift from Nemelex Xobeh
 23357 | Lair:6   | Found a staircase to the Slime Pits.
 23365 | Lair:6   | Reached skill level 19 in Stealth
 23691 | Lair:6   | Reached skill level 5 in Armour
 24393 | D:6      | Killed Hector's ghost
 25702 | Lair:6   | Reached skill level 1 in Slings
 26771 | Orc:1    | Entered Level 1 of the Orcish Mines
 27055 | Orc:1    | Received a gift from Nemelex Xobeh
 27089 | Orc:1    | Noticed an orc warlord
 27107 | Orc:1    | Killed an orc warlord
 27108 | Orc:1    | Reached XP level 15. HP: 58/71 MP: 28/28
 27455 | Orc:2    | Entered Level 2 of the Orcish Mines
 27556 | Orc:2    | Reached skill level 5 in Fighting
 27856 | Orc:2    | Reached skill level 5 in Slings
 27978 | Orc:2    | Found Wyrch's General Store.
 28025 | Orc:2    | Found Guecwat's Magic Scroll Shop.
 28097 | Orc:2    | Found Ceamett Xixt's Distillery.
 28098 | Orc:2    | Found Usof's Book Shoppe.
 28108 | Orc:2    | Bought a book of the Warp for 1440 gold pieces
 28112 | Orc:2    | Learned a level 3 spell: Portal Projectile
 28218 | Orc:2    | Received a gift from Nemelex Xobeh
 28255 | Orc:2    | Found a staircase to the Elven Halls.
 28315 | Orc:2    | Found Pownoomn's Assorted Antiques.
 28332 | Orc:2    | Bought a twisted cabochon ring for 140 gold pieces
 28332 | Orc:2    | Bought a transparent falchion for 224 gold pieces
 28332 | Orc:2    | Identified the +6 falchion "Piugeun" {elec, rC+ Will+
                  | Int-4} (You bought it in a shop on level 2 of the Orcish
                  | Mines)
 28741 | Orc:1    | Found Omia's Antique Weapon Shoppe.
 29200 | D:13     | Found Xow Uner's Jewellery Emporium.
 29640 | D:14     | Received a gift from Nemelex Xobeh
 30631 | D:14     | Found a radiant altar of Vehumet.
 30748 | D:14     | Learned a level 4 spell: Passage of Golubria
 30930 | D:14     | Found a gate to the Vaults.
 31012 | D:15     | Entered Level 15 of the Dungeon
 31066 | D:15     | Reached XP level 16. HP: 78/78 MP: 29/29
 31092 | D:15     | Found a staircase to the Depths.
 31185 | D:14     | Reached skill level 20 in Stealth
 31299 | D:15     | Received a gift from Nemelex Xobeh
 31353 | D:15     | Upgraded the game from 0.27-a0-1200-g94dc6ad4cf to
                  | 0.27-a0-1202-ge72e49191c
 31495 | D:15     | Gained mutation: You are clumsy. (Dex -2) [potion of
                  | mutation]
 31500 | D:15     | Lost mutation: You are clumsy. (Dex -2) [potion of
                  | mutation]
 31500 | D:15     | Gained mutation: Armour fits poorly on your strangely
                  | shaped body. [potion of mutation]
 31500 | D:15     | Gained mutation: Your magical capacity is low. (-10% MP)
                  | [potion of mutation]
 31638 | D:15     | Reached skill level 5 in Shields
 31672 | D:15     | Identified the +5 spear of Internal Strife {holy, Drain
                  | +Blink rC+}
 32025 | D:15     | Found an opulent altar of Gozag.
 32503 | Shoals:1 | Entered Level 1 of the Shoals
 32918 | Shoals:1 | Received a gift from Nemelex Xobeh
 33792 | Shoals:2 | Noticed Roxanne
 33892 | Shoals:2 | Noticed Ilsuiw
 33976 | Shoals:2 | Killed Ilsuiw
 34235 | Shoals:2 | Received a gift from Nemelex Xobeh
 35889 | Shoals:3 | Killed from afar by a water nymph

Illustrated notes

Levels and vault maps discovered:
D:1:      minmay_arrival_widening_spiral_wide, layout_basic, serial_shops, shop,
          minmay_misc_feat_chi, st_stairs_4, due_unseen_surprise
D:2:      layout_loops_ring, uniq_natasha
D:3:      layout_basic, kennysheep_slug_shrine, gup_sewer_entry_glass,
          minivault_5, grunt_decor_fettered, minmay_rat_hole
D:4:      layout_loops_ring, temple_green, eino_tiny_chamber,
          roderic_st_hans_cross, uniq_sigmund, uniq_ijyb
D:5:      layout_gridville, st_stairs_2, minmay_misc_feat_secret_circle
D:6:      minmay_diamond_boxcup, layout_loops_ring, gammafunk_ghost_split,
          enter_ossuary_2, nicolae_alphabet_shops,
          hangedman_decor_diamond_cutter, kennysheep_crisscross, minivault_5,
          lemuel_flamethrower_2, uniq_blork_the_orc, uniq_crazy_yiuf_cottage
D:7:      layout_loops_corners, grunt_ministairs_1, nicolae_underground_beach,
          uniq_menkaure, uniq_maggie
D:8:      layout_layer_cave, serial_shops, shop
D:9:      layout_irregular_city, uniq_erolcha
D:10:     layout_roguey [special_room_orc], dpeg_oklobed_lair, special_room
          [special_room_bee], serial_shops, nicolae_shop_overgrown_old_shop,
          grunt_ministairs_11, uniq_harold
D:11:     lemuel_ice_spiral_2, layout_irregular_city, fedhas_altar_2
D:12:     layout_gridville
D:13:     layout_rooms, serial_shops, shop, roderic_roman_lattice,
          serial_bayou_lagoon_a
D:14:     layout_rooms, hangedman_vaults_entry_quadrant_bands,
          nicolae_vehumet_radiance, minivault_8
D:15:     hangedman_depths_entry_civil_slaughter, layout_loops_ring,
          grunt_gozag_breadcrumbs, hangedman_parallel_progression
Temple:   kilobyte_greek_temple
Lair:1:   layout_gridlike, gammafunk_ghost_split, uniq_joseph
Lair:2:   layout_hall_layers, minmay_shoals_entry_beasts, special_room,
          ebering_ghost_reflecting_pool, gauntlet_entry_generic,
          chequers_serial_rivers_small_b, chequers_serial_rivers_small_b,
          nicolae_quartered_pool_medium, guppyfry_lair_drakes,
          infiniplex_staircase_pool_2
Lair:3:   nzn_winding_woodlands_small [nzn_winding_woodlands_5x15_longhouse,
          nzn_winding_woodlands_center_diamonds,
          nzn_winding_woodlands_5x15_concentric], layout_cave_pods,
          nicolae_spider_entry_tight_spaces, uniq_snorg
Lair:4:   layout_roguey
Lair:5:   regret_index_bee_streams, layout_misc_corridors, minmay_hedge_maze,
          minmay_lair_oklob_chamber
Lair:6:   due_jungle_book, layout_cave_shapes,
          minmay_slime_entry_oklob_enclosed, disabler_island
Shoals:1: layout_shoals, nicolae_shoals_siren_and_animal_friends
Shoals:2: layout_shoals, uniq_ilsuiw, uniq_roxanne
Shoals:3: layout_shoals, gammafunk_ghost_necromancy, st_cyclops
Orc:1:    layout_caves, serial_shops, nicolae_shop_waterfront
Orc:2:    st_orc_open, layout_caves, serial_shops, shop_fountains

Skill      XL: |  1  2  3  4  5  6  7  8  9 10 11 12 13 14 15 16 |
---------------+-------------------------------------------------+-----
Spellcasting   | 3 4 5 6 7 8 |  8.8
Translocations | 5 6 8 9 11 12 14 15 16 18 19 | 19.1
Stealth        | 1 2 4 6 8 11 13 15 17 18 19 20 | 20.8
Short Blades   | 3 4 5 7 8 9 10 11 12 13 | 13.3
Dodging        | 4 5 6 7 8 9 10 11 12 13 14 | 14.4
Fighting       | 2 3 4 6 7 |  7.3
Armour         | 2 3 4 5 |  5.6
Invocations    | 1 2 |  2.7
Throwing       | 2 |  2.6
Shields        | 1 3 4 5 |  5.5
Evocations     | 1 2 3 |  3.2
Slings         | 4 6 |  6.6
Hexes          | |  0.4

Action                   |  1- 3 |  4- 6 |  7- 9 | 10-12 | 13-15 | 16-18 || total
-------------------------+-------+-------+-------+-------+-------+-------++-------
Melee: Short sword       |    18 |       |       |       |       |       ||    18
       Dagger            |    71 |   157 |   469 |       |       |       ||   697
       Quick blade       |       |       |   173 |   776 |  2634 |   824 ||  4407
 Fire: Hunting sling     |       |       |       |       |   134 |    27 ||   161
Throw: Boomerang         |       |       |       |    14 |       |       ||    14
 Cast: Teleport Other    |       |     3 |     6 |     1 |       |       ||    10
       Blink             |       |     1 |       |     2 |       |     1 ||     4
       Lesser Beckoning  |       |       |     2 |       |       |     1 ||     3
       Gell's Gravitas   |       |       |       |     8 |     9 |       ||    17
       Dispersal         |       |       |       |       |     5 |     3 ||     8
       Apportation       |       |       |       |       |     2 |     2 ||     4
       Portal Projectile |       |       |       |       |     4 |       ||     4
Invok: Draw Destruction  |       |       |     1 |    12 |    11 |     6 ||    30
       Draw Stack        |       |       |       |     6 |    17 |     6 ||    29
       Stack Five        |       |       |       |     2 |     3 |     1 ||     6
       Draw Summoning    |       |       |       |     2 |     2 |     1 ||     5
Evoke: Box of beasts     |       |       |       |     2 |     2 |     1 ||     5
       Wand              |       |       |       |     5 |     3 |    16 ||    24
       Condenser vane    |       |       |       |       |     2 |     1 ||     3
       Phial of floods   |       |       |       |       |     1 |     1 ||     2
  Use: Scroll            |     3 |     1 |    21 |    11 |     7 |     1 ||    44
       Potion            |       |     2 |       |     2 |     4 |     3 ||    11
 Stab: Sleeping          |     4 |     4 |    39 |    27 |    60 |    36 ||   170
       Distracted        |       |       |     2 |     3 |    13 |     3 ||    21
       Invisible         |       |       |       |     2 |     4 |       ||     6
       Petrified         |       |       |       |       |     1 |       ||     1
       Confused          |       |       |       |       |       |     6 ||     6
Armor: Robe              |     8 |    15 |    37 |       |       |       ||    60
       Acid dragon scale |       |       |     2 |    56 |   160 |    49 ||   267
Dodge: Dodged            |    48 |   124 |   369 |   291 |   878 |   316 ||  2026
Block: Buckler           |       |       |       |    34 |   362 |   144 ||   540

Table legend: (Time is in decaauts)
 A = Elapsed time spent in this place.
 B = Non-inter-level travel time spent in this place.
 C = Inter-level travel time spent in this place.
 D = Time resting spent in this place.
 E = Time spent auto-exploring this place.
 F = Levels seen in this place.
 G = Mean time per level.
                   A        B        C        D        E       F      G
               +--------+--------+--------+--------+--------+-----+--------+
         Total |  23760 |  21669 |   2091 |   1173 |  14428 |  30 |  792.0 |
       Dungeon |  11644 |  10536 |   1108 |    392 |   7434 |  15 |  776.3 |
        Temple |    205 |    176 |     29 |      0 |    168 |   1 |  205.0 |
          Lair |   6595 |   5718 |    877 |    193 |   3695 |   6 | 1099.2 |
        Shoals |   2193 |   2152 |     41 |    329 |   1309 |   3 |  731.0 |
  Orcish Mines |   1216 |   1182 |     34 |     12 |    663 |   2 |  608.0 |
         Sewer |   1003 |   1003 |      0 |      0 |    811 |   1 | 1003.0 |
       Ossuary |    461 |    461 |      0 |      0 |    261 |   1 |  461.0 |
      Gauntlet |    440 |    440 |      0 |    247 |     85 |   1 |  440.0 |
               +--------+--------+--------+--------+--------+-----+--------+

Top non-repeatable levels by time:
  Lair:6: 1618 daAuts
  Lair:2: 1460 daAuts
     D:6: 1318 daAuts
  Lair:1: 1218 daAuts
Shoals:2: 1136 daAuts
     D:3: 1056 daAuts
Shoals:1: 1033 daAuts
   Sewer: 1003 daAuts
    D:10: 998 daAuts
     D:4: 921 daAuts
    D:14: 907 daAuts
  Lair:3: 837 daAuts
  Lair:5: 828 daAuts
     D:1: 815 daAuts
     D:2: 744 daAuts
